 Dungeon Crawl Stone Soup version 0.31-a0-1059-g83d41fd8b6 (webtiles) character file.

Game seed: 5663108853114989349

1289815 PanSaczeczos the Cutthroat (level 27, 192/192 (199) HPs)
             Began as a Gnoll Reaver on Nov 20, 2023.
             Was the Champion of Ru.
             Escaped with the Orb
             ... and 3 runes on Nov 21, 2023!
             The game lasted 06:28:35 (130063 turns).

PanSaczeczos the Cutthroat (Gnoll Reaver)         Turns: 130063, Time: 06:28:36

HP:   192/192 (199) AC: 30    Str: 22    XL:     27
MP:   41/41         EV:  9    Int: 28    God:    Ru [******]
Gold: 6601          SH: 23    Dex:  8    Spells: 0/64 levels left

rFire   + + +        a - +9 demon whip (elec)
rCold   + . .        H - +5 Storm Queen's Shield {shock, Fly rElec}
rNeg    + . .        y - +4 chain mail of Wuepp {rElec rF+ rC+ SInv}
rPois   +            e - +2 hat {Will+}
rElec   +            d - +0 cloak of the Wheelwright {Drain rPois rF++ rCorr}
rCorr   +            E - +2 pair of gloves {Stlth+}
SInv    +            O - +2 pair of boots {Stlth+}
Will    +++..        v - amulet of reflection
Stlth   ++           J - ring "Qacoxkiq" {Wiz *Slow rCorr Int+3, =R}
HPRegen 0.52/turn    f - ring of the Uplifting Gods {rPois rN+ Int+2 Slay+3}
MPRegen 0.27/turn

%: inaccuracy (-5), slow self (1%), reflection, wizardry (x1)
@: flying, studying Short Blades, lightly drained
A: fangs 1, frail 1, low MP 1, no potion heal 1, inability to drink after injury
2, inability to train dodging, missing an eye, strong nose, distributed
training, no forms, clever 2, noise suppression
0: Orb of Zot
}: 3/15 runes: decaying, silver, gossamer
a: Renounce Religion, Draw Out Power, Power Leap, Apocalypse


You escaped.
You worshipped Ru.
Ru was exalted by your worship.
You visited 10 branches of the dungeon, and saw 50 of its levels.
You visited 1 bazaar.
You also visited: Trove and Ice Cave.

You collected 12938 gold pieces.
You spent 6337 gold pieces at shops.

Inventory:

Hand Weapons
 a - a +9 demon whip of electrocution (weapon)
 b - a +4 antimagic demon trident
 T - a +4 eudemon blade of holy wrath
Missiles
 q - 14 boomerangs (quivered)
 s - 12 curare-tipped darts
Armour
 d - the +0 cloak of the Wheelwright (worn) {Drain rPois rF++ rCorr}
   (You found it in a treasure trove)

   rF++:      It greatly protects you from fire.
   rPois:     It protects you from poison rCorr: It protects you from acid and
   corrosion.
   Drain:     It drains your maximum health when unequipped.
 e - a +2 hat of willpower (worn)
 y - the +4 chain mail of Wuepp (worn) {rElec rF+ rC+ SInv}
   (You found it on level 5 of the Lair of Beasts)

   rF+:       It protects you from fire.
   rC+:       It protects you from cold.
   rElec:     It insulates you from electricity.
   SInv:      It lets you see invisible.
 E - a +2 pair of gloves of stealth (worn)
 H - the +5 Storm Queen's Shield (worn) {shock, Fly rElec}
   (You found it on level 2 of the Elven Halls)

   Shock:     When it blocks an attack, it may electrocute the attacker.
   This works even against foes who are a short distance away.
   rElec:     It insulates you from electricity.
   Fly:       It grants you flight.
 O - a +2 pair of boots of stealth (worn)
Jewellery
 f - the ring of the Uplifting Gods (right hand) {rPois rN+ Int+2 Slay+3}
   (You found it on level 3 of the Crypt)

   [ring of poison resistance]

   Int+2:     It affects your intelligence (+2).
   Slay+3:    It affects your accuracy & damage with ranged weapons and melee
   (+3).
   rPois:     It protects you from poison rN+: It protects you from negative
   energy.
 v - an amulet of reflection (around neck)
 F - the ring "Udus Vub" {*Slow +Blink rElec rF+ rN++}
   (You found it on level 2 of the Vaults)

   [ring of protection from fire]

   rF+:       It protects you from fire.
   rElec:     It insulates you from electricity.
   rN++:      It greatly protects you from negative energy.
   +Blink:    It lets you blink.
   *Slow:     It may slow you when you take damage.
 I - a +4 ring of slaying
 J - the ring "Qacoxkiq" (left hand) {Wiz *Slow rCorr Int+3, =R}
   (You found it on level 3 of the Swamp)

   [ring of wizardry]

   Wiz:       It improves your spell success rate.
   Int+3:     It affects your intelligence (+3).
   rCorr:     It protects you from acid and corrosion.
   *Slow:     It may slow you when you take damage.
Wands
 i - a wand of polymorph (14)
 j - a wand of quicksilver (30)
 r - a wand of mindburst (36)
 D - a wand of digging (8)
 G - a wand of charming (65)
 M - a wand of flame (100)
 V - a wand of roots (55)
Scrolls
 g - 2 scrolls of noise {!r}
 k - 5 scrolls of amnesia {!r}
 l - 6 scrolls of blinking {!r}
 n - 6 scrolls of fear {!r}
 o - a scroll of revelation {!r}
 t - 13 scrolls of teleportation {!r}
 u - 7 scrolls of vulnerability {!r}
 C - 8 scrolls of enchant armour {!r}
 P - a scroll of poison {!r}
 Q - 4 scrolls of silence {!r}
 S - 4 scrolls of fog {!r}
 U - 2 scrolls of summoning {!r}
Potions
 c - 7 potions of curing
 m - 4 potions of magic
 w - 8 potions of ambrosia
 x - 3 potions of invisibility
 A - 3 potions of cancellation
 B - 7 potions of enlightenment
 K - 3 potions of brilliance
 L - 3 potions of haste
 N - 10 potions of heal wounds
 W - 4 potions of berserk rage
 X - 3 potions of might {@q3}
 Y - 11 potions of mutation
 Z - 5 potions of resistance
Miscellaneous
 h - a tin of tremorstones (2/2)
 p - a box of beasts
 z - a lightning rod (4/4)
 R - a phantom mirror


   Skills:
 + Level 19.3 Fighting
 + Level 24.1 Short Blades
 + Level 18.8 Long Blades
 + Level 18.8 Axes
 + Level 19.7 Maces & Flails
 + Level 18.8 Polearms
 + Level 18.8 Staves
 + Level 18.8 Ranged Weapons
 + Level 18.8 Throwing
 + Level 18.8 Armour
   Level 0.0 Dodging
 + Level 18.8 Stealth
 + Level 18.8 Shields
 + Level 18.8 Unarmed Combat
 + Level 19.4 Spellcasting
 + Level 16.9 Conjurations
 + Level 16.0 Hexes
 + Level 16.0 Summonings
 + Level 16.0 Necromancy
 + Level 16.0 Translocations
 + Level 16.0 Transmutations
 + Level 16.0 Fire Magic
 + Level 16.0 Ice Magic
 + Level 16.0 Air Magic
 + Level 16.0 Earth Magic
 + Level 16.0 Poison Magic
 + Level 20.3 Invocations
 + Level 18.8 Evocations
   Level 0.0 Shapeshifting


You couldn't memorise any spells.
You knew the following spells:

 Your Spells              Type           Power      Damage    Failure   Level
a - Death Channel         Necr           43%        N/A       1%          6
b - Dispel Undead         Necr           87%        3d28      1%          4
c - Iskenderun's Mystic   Conj/Tloc      88%        2d17      1%          4
d - Tukima's Dance        Hex            87%        N/A       1%          3
e - Irradiate             Conj/Tmut      44%        3d26      1%          5
f - Summon Forest         Summ/Tloc      43%        N/A       1%          5
g - Swiftness             Air            87%        N/A       1%          3
h - Haunt                 Necr/Summ      43%        N/A       3%          7
i - Ignite Poison         Fire/Tmut/Pois 87%        N/A       1%          3
j - Jinxbite              Hex            100%       N/A       0%          2
k - Fulminant Prism       Conj/Hex       44%        3d19      1%          4
l - Summon Cactus Giant   Summ           43%        N/A       1%          6
m - Summon Mana Viper     Hex/Summ       87%        N/A       1%          5
n - Sigil of Binding      Hex            87%        N/A       1%          3
o - Olgreb's Toxic Radia  Pois           87%        N/A       1%          4

Your spell library contained the following spells:

 Spells                   Type           Power      Damage    Failure   Level
 Apportation              Tloc           100%       N/A       0%          1
 Freeze                   Ice            100%       1d10      0%          1
 Kiss of Death            Conj/Necr      100%       2d13      0%          1
 Magic Dart               Conj           100%       1d8       0%          1
 Necrotise                Necr           100%       1d9       0%          1
 Sandblast                Erth           100%       2d20      0%          1
 Slow                     Hex            100%       N/A       0%          1
 Summon Small Mammal      Summ           100%       N/A       0%          1
 Call Imp                 Summ           100%       N/A       0%          2
 Cigotuvi's Dreadful Rot  Necr/Pois/Air  100%       N/A       0%          2
 Ensorcelled Hibernation  Hex/Ice        100%       N/A       0%          2
 Lesser Beckoning         Tloc           100%       N/A       0%          2
 Momentum Strike          Conj/Tloc      100%       3d10      0%          2
 Passwall                 Tmut/Erth      72%        N/A       0%          2
 Poisonous Vapours        Pois/Air       100%       N/A       0%          2
 Scorch                   Fire           100%       2d9       0%          2
 Static Discharge         Conj/Air       100%       3-8/arc   0%          2
 Sublimation of Blood     Necr           87%        N/A       0%          2
 Wereblood                Tmut           87%        N/A       0%          2
 Dazzling Flash           Conj/Hex       100%       N/A       0%          3
 Hailstorm                Conj/Ice       88%        3d18      0%          3
 Mephitic Cloud           Conj/Pois/Air  87%        N/A       0%          3
 Stone Arrow              Conj/Erth      100%       3d13      0%          3
 Call Canine Familiar     Summ           87%        N/A       1%          3
 Confusing Touch          Hex            87%        N/A       1%          3
 Frozen Ramparts          Ice            100%       1d16      1%          3
 Gell's Gravitas          Tloc           87%        N/A       1%          3
 Inner Flame              Hex/Fire       87%        N/A       1%          3
 Teleport Other           Tloc           87%        N/A       1%          3
 Vampiric Draining        Necr           87%        2d12      1%          3
 Volatile Blastmotes      Fire/Tloc      100%       2d18      1%          3
 Airstrike                Air            43%        2d(7-23)  1%          4
 Anguish                  Hex/Necr       43%        N/A       1%          4
 Brom's Barrelling Bould  Conj/Erth      88%        2d10      1%          4
 Cause Fear               Hex            43%        N/A       1%          4
 Dimensional Bullseye     Hex/Tloc       43%        N/A       1%          4
 Flame Wave               Conj/Fire      88%        2d19      1%          4
 Leda's Liquefaction      Hex/Erth       43%        N/A       1%          4
 Sticky Flame             Conj/Fire      88%        2d10      1%          4
 Summon Ice Beast         Ice/Summ       87%        N/A       1%          4
 Summon Lightning Spire   Summ/Air       87%        N/A       1%          4
 Vhi's Electric Charge    Tloc/Air       100%       N/A       1%          4
 Agony                    Necr           87%        N/A       1%          5
 Alistair's Intoxication  Tmut/Pois      58%        N/A       1%          5
 Arcjolt                  Conj/Air       44%        1d54      1%          5
 Fireball                 Conj/Fire      44%        3d18      1%          5
 Freezing Cloud           Conj/Ice/Air   43%        6-21      1%          5
 Iskenderun's Battlesphe  Conj           89%        2d14      1%          5
 Lee's Rapid Deconstruct  Erth           43%        3d21*     1%          5
 Silence                  Hex/Air        43%        N/A       1%          5
 Bombard                  Conj/Erth      44%        9d7       1%          6
 Conjure Ball Lightning   Conj/Air       44%        3x3d15    1%          6
 Dispersal                Tloc           43%        N/A       1%          6
 Eringya's Noxious Bog    Tmut/Pois      43%        4d6       1%          6
 Plasma Beam              Fire/Air       43%        2x1d57    1%          6
 Simulacrum               Ice/Necr       43%        N/A       1%          6
 Starburst                Conj/Fire      44%        6d12      1%          6
 Spellforged Servitor     Conj/Summ      44%        N/A       2%          7
 Enfeeble                 Hex            43%        N/A       3%          7
 Monstrous Menagerie      Summ           43%        N/A       3%          7
 Summon Hydra             Summ           43%        N/A       3%          7
 Borgnjor's Revivificati  Necr           43%        N/A       22%         8
 Discord                  Hex            43%        N/A       22%         8
 Disjunction              Tloc           43%        N/A       22%         8
 Ignition                 Fire           43%        3d13      22%         8
 Maxwell's Capacitive Co  Air            43%        ∞         22%         8
 Summon Horrible Things   Summ           43%        N/A       22%         8
 Chain Lightning          Conj/Air       44%        3d58      95%         9
 Fire Storm               Conj/Fire      44%        8d11      95%         9
 Death's Door             Necr           43%        N/A       96%         9
 Dragon's Call            Summ           43%        N/A       96%         9
 Polar Vortex             Ice            43%        12d5*     96%         9
 Shatter                  Erth           43%        3d34*     96%         9


Dungeon Overview and Level Annotations

Branches:
Dungeon (15/15)            Temple (0/1) D:6            Lair (5/5) D:11
  Swamp (4/4) Lair:3       Spider (4/4) Lair:3        Slime (0/5) Lair:5
    Orc (2/2) D:12            Elf (3/3) Orc:2        Vaults (5/5) D:14
  Crypt (3/3) Vaults:2       Tomb (0/3) Crypt:3      Depths (4/4) D:15
    Zot (5/5) Depths:4      IceCv (visited)

Altars:
Cheibriados
Dithmenos
Elyvilon
Fedhas
Gozag
Hepliaklqana
Kikubaaqudgha
Makhleb
Nemelex Xobeh
Ru
Sif Muna
Trog
Uskayaw
Vehumet
Xom
Yredelemnul
Zin
The Shining One
Jiyva
Lugonu

Shops:
D:1 ?   D:3 (   Orc:2 (([[*   Elf:1 ?(   Vaults:3 [   Depths:3 ?

Portals:
Hell: Depths:1 Depths:2 Depths:3 Depths:4
Abyss: Lair:5 Depths:3
Pandemonium: Depths:1 Depths:2
Ziggurat: Depths:2

Annotations:
D:3 3 runed translucent doors, exclusion: 3 doors, Iidacon's ghost, amateur DgSh
D:5 1 runed translucent door, exclusion: door, Azuregosa's ghost, weakling OpDe
D:12 exclusion: 3 slime creatures
Lair:2 2 transporters, exclusion: oklob plant, DEFE's ghost, journeyman DsWn
Lair:5 1 exclusion
Swamp:1 Roxanne
Spider:2 Frances
Orc:1 Gikes's ghost, journeyman TrFi
Elf:1 6 runed translucent doors
Elf:2 5 runed translucent doors, exclusion: 5 doors
Depths:1 1 runed translucent door, exclusion: door, Rehacw's ghost, adept HOMo
Depths:3 1 transporter
Zot:4 1 exclusion


Innate Abilities, Weirdness & Mutations

You have very sharp teeth.
You are frail. (-10% HP)
Your magical capacity is low. (-10% MP)
Potions are less effective at restoring your health.
You sometimes lose the ability to drink potions when taking damage.
You cannot train Dodging skill.
You are missing an eye, making it more difficult to aim.
Your uncanny sense of smell can sniff out nearby items.
Your experience applies equally to all skills.
You cannot voluntarily change form.
Your mind is very acute. (Int +8, Str/Dex -2)
You passively dampen the noise of your surroundings.


Message History

Your wraith disappears in a puff of smoke!
Your phantasmal warrior disappears in a puff of smoke!
There is a stone staircase leading up here.
You fly upwards.
Level annotation: 1 runed translucent door, exclusion: door, Azuregosa's ghost, weakling OpDe
There is a stone staircase leading down here.
An Ice Fiend comes into view.
The Ice Fiend roars!
A glowing orange brain comes into view.
Blink to where?
Press: ? - help, Dir - move target
As you read the scroll of blinking {!r}, it crumbles to dust.
The glowing orange brain moves out of view.
There is a stone staircase leading up here.
You fly upwards.
There is a stone staircase leading down here.
What level of the Dungeon? (default 1, ? - help)
Okay, then.
Unknown command.
Aiming: Dig
Press: ? - help, Shift-Dir - straight line This square is covered in magical glow.
The rock shatters into small pieces.
What level of the Dungeon? (default 1, ? - help)
There is a stone staircase leading up here.
You fly upwards.
Level annotation: 3 runed translucent doors, exclusion: 3 doors, Iidacon's ghost, amateur DgSh
There is a stone staircase leading down here.
There is an open door here.
There is an open door here.
There is a stone staircase leading up here.
You fly upwards.
There is a stone staircase leading down here.
HP restored.
You see here a +0 mace.
There is a stone staircase leading up here.
You fly upwards.
There is a stone staircase leading down here.
There is a staircase leading out of the dungeon here.
You have escaped!

▒▒········▒··▒▒···▒▒▒·▒▒·
▒············▒▒▒·▒···▒··
▒▒············▒·········▒
▒·······················▒
▒··················▒▒··▒▒
▒▒▒·▒▒▒▒▒▒▒▒▒▒·······▒▒··▒▒
▒▒··▒▒····▒···▒▒▒···▒··▒▒·▒▒
▒▒··▒▒···········▒▒··▒▒······
▒··▒▒···▒··@··▒···▒▒·········
▒·▒▒···▒▒▒···▒▒▒···▒▒)······>
▒▒▒···▒▒ ▒▒▒▒▒ ▒▒···▒▒·····▒▒
▒▒···▒▒ ▒···▒ ▒▒···▒▒····)·
▒▒···▒▒▒▒▒▒·░·▒▒▒▒▒▒···▒▒···▒▒
▒··░········░········░··▒···▒·
▒·░░·░···░░·░·░░░··░·░░·▒···▒·
▒·░··░░░·░░·░··░·░░░··░·▒···▒·
▒·······················▒·····


There were no monsters in sight!

Vanquished Creatures
  7 dread liches
  2 ancient liches (Zot:5)
  An orb of fire (Zot:5)
  Mennas (Vaults:5)
  Frederick (Vaults:3)
  the Lernaean hydra (Swamp:4)
  Vv (Crypt:2)
  2 Killer Klowns
  2 curse toes
  9 golden dragons
  2 bone dragons (Crypt:3)
  Jory (Vaults:5)
  4 tentacled monstrosities
  2 electric golems (Zot:4)
  A shard shrike zombie (Crypt:3)
  A hellephant (Depths:3)
  3 liches
  Mlioglotl (Swamp:3)
  9 titans
  21 Orb Guardians
  6 quicksilver dragons
  4 deep elf blademasters (Elf:3)
  A shard shrike skeleton (Crypt:3)
  7 sphinxes
  2 walking divine tomes (Depths:2)
  2 deep elf master archers (Elf:3)
  6 tengu reavers
  6 death cobs
  7 ancient champions
  A thorn hunter (Lair:3)
  Agnes (Spider:2)
  Aizul (Crypt:1)
  6 shadow dragons
  10 storm dragons
  3 draconian knights
  2 draconian monks (Zot:1)
  2 revenants
  3 frost giants
  5 deep elf sorcerers
  4 fire giants
  14 vault wardens
  4 emperor scorpions
  4 draconian scorchers
  5 ghost moths
  Louise (D:15)
  3 ghouls (Crypt:1)
  2 draconian stormcallers
  7 iron dragons
  A curse skull (Crypt:2)
  2 draconian shifters
  14 ironbound preservers
  2 deep elf elementalists
  A cacodemon (Depths:2)
  A caustic shrike zombie (Crypt:3)
  3 formless jellyfish
  2 spriggan defenders
  2 draconian annihilators (Zot:5)
  A broodmother (Spider:4)
  5 vampire knights
  8 stone giants
  17 very ugly things
  A war gargoyle (Vaults:5)
  4 eleionomae
  5 ironbound thunderhulks
  9 deep elf annihilators
  3 spark wasps
  4 yellow draconians
  4 deep elf demonologists
  3 black draconians
  4 purple draconians
  11 green draconians
  9 red draconians
  6 bunyips
  3 eidola
  4 white draconians
  A dire elephant (Vaults:2)
  8 fire dragons
  10 deep elf death magi
  14 jiangshi
  A mummy priest (Crypt:3)
  11 ettins
  Josephine (Lair:4)
  5 deep elf high priests
  5 entropy weavers
  A crystal guardian (Vaults:2)
  15 yaktaur captains
  32 vault guards
  Fannar (D:11)
  4 great orbs of eyes
  4 ice dragons
  17 hydras
  4 alligators
  5 spriggan air magi
  3 ogre magi
  A peacekeeper (Vaults:2)
  A bennu zombie (Crypt:2)
  2 caustic shrike simulacra
  4 ironbound frosthearts
  2 catoblepae
  3 radroaches
  2 jorogumos (Spider:4)
  14 centaur warriors
  3 death knights
  10 two-headed ogres
  5 boulder beetles
  A death scarab (Spider:4)
  A two-headed ogre (shapeshifter) (D:14)
  7 deep troll earth magi
  6 orc high priests
  A sphinx skeleton (Depths:1)
  6 tengu warriors
  A boulder beetle (shapeshifter) (D:13)
  7 deep troll shamans
  7 vampire magi
  3 occultists
  3 demonic crawlers
  13 dancing weapons
  3 hell knights
  2 soul eaters (Crypt:3)
  A death yak (Lair:4)
  6 hell hogs (Depths:3)
  2 thrashing horrors (Lair:5)
  A spectral emperor scorpion (Spider:4)
  5 spriggan berserkers
  16 deep elf knights
  8 goliath frogs
  3 shadow wraiths
  4 flayed ghosts
  2 sun demons
  A salamander mystic (Depths:4)
  6 pharaoh ants
  2 skysharks (Lair:4)
  17 skeletal warriors
  2 sun moths
  9 swamp dragons
  5 iron trolls
  A sea snake (shapeshifter) (Vaults:5)
  10 arcanists
  5 spriggan druids
  51 deep trolls
  7 orb spiders
  A shadow dragon zombie (Depths:1)
  2 spriggan simulacra (IceCv)
  9 phantasmal warriors
  17 ironbound convokers
  A spectral jorogumo (Spider:4)
  13 deep elf archers
  8 bog bodies
  7 steelbarb worms
  A fenstrider witch simulacrum (Crypt:3)
  A bunyip skeleton (Crypt:1)
  30 deep elf pyromancers
  4 necromancers
  9 cyclopes
  12 orc knights
  4 harpies
  15 deep elf zephyrmancers
  9 lindwurms
  16 wolf spiders
  28 ugly things
  A frost giant zombie (Depths:1)
  A human zombie (Vaults:3)
  2 orc sorcerers
  A will-o-the-wisp (Swamp:1)
  A salamander (shapeshifter) (D:14)
  2 salamanders (Depths:4)
  An iron dragon skeleton (Crypt:3)
  6 manticores
  An elephant (shapeshifter) (D:14)
  3 large abominations (Lair:5)
  2 centaur zombies (D:10)
  22 elephants
  23 moths of wrath
  A fire giant skeleton (Crypt:1)
  11 slime creatures
  2 black mambas (shapeshifter)
  A titan simulacrum (Crypt:3)
  17 vault sentinels
  3 gargoyles
  Joseph (Lair:1)
  5 black mambas
  A torpor snail (Spider:1)
  2 smoke demons
  A spectral redback (Spider:4)
  8 komodo dragons
  An unseen horror (D:12)
  8 cane toads
  2 kobold demonologists
  A redback zombie (Spider:4)
  2 freezing wraiths (IceCv)
  18 yaktaurs
  A hellion (Depths:2)
  Maggie (Lair:1)
  3 rime drakes
  An efreet (D:13)
  A tengu conjurer (Depths:2)
  A minotaur skeleton (Crypt:2)
  A green draconian skeleton (Crypt:2)
  An anaconda simulacrum (Crypt:3)
  6 guardian mummies
  A mana viper skeleton (Crypt:1)
  A hydra zombie (Crypt:1)
  6 meliai
  8 trolls
  28 tarantellas
  4 polar bears
  A wind drake (shapeshifter) (Spider:4)
  A harpy skeleton (Crypt:3)
  14 tyrant leeches
  18 hornets
  2 nameless horrors (Zot:4)
  A blink frog (shapeshifter) (Lair:5)
  A radroach zombie (Crypt:1)
  A jumping spider zombie (Spider:4)
  A tyrant leech (shapeshifter) (Vaults:5)
  3 hornets (shapeshifter)
  3 raiju (Lair:5)
  15 blink frogs
  21 culicivoras
  31 jumping spiders
  28 spriggans
  5 air elementals
  2 centaur simulacra (D:15)
  2 water elementals
  3 shadows
  A black mamba zombie (Crypt:1)
  3 vampires
  8 wyverns
  86 yaks
  A dire elephant simulacrum (IceCv)
  3 flying skulls (Crypt:2)
  8 wraiths
  A fire dragon skeleton (Crypt:3)
  A yak (shapeshifter) (Vaults:5)
  6 fire elementals
  A chaos spawn (Lair:5)
  7 basilisks
  2 steam dragons
  A wind drake skeleton (Crypt:3)
  48 redbacks
  13 vampire mosquitoes
  A minotaur simulacrum (IceCv)
  12 swamp worms
  13 water moccasins
  2 hell hounds (Depths:2)
  8 wargs
  10 swamp drakes
  2 faun skeletons (Crypt:1)
  A water nymph skeleton (Crypt:2)
  A glowing shapeshifter skeleton (Depths:1)
  A naga skeleton (Crypt:3)
  3 sky beasts (D:7)
  4 black bears
  45 orc warriors
  An ice beast (D:15)
  5 ogres
  14 wolves
  8 boggarts
  A hog zombie (Crypt:1)
  6 small abominations (Lair:5)
  12 centaurs
  A phantom (D:6)
  5 kobold brigands
  16 bullfrogs
  A fire crab zombie (Crypt:2)
  A salamander skeleton (Crypt:2)
  A scorpion (D:4)
  3 earth elementals
  A wyvern skeleton (Crypt:3)
  14 wights
  10 killer bees
  An electric eel (Lair:1)
  8 howler monkeys
  3 gnoll boudas
  4 hounds
  43 orc priests
  A centaur skeleton (Crypt:3)
  2 iguanas
  A sleepcap (D:5)
  27 orc wizards
  4 hell rats
  A boggart skeleton (Crypt:3)
  8 adders
  13 gnolls
  2 shadow imps (D:6)
  3 white imps
  2 ufetubi
  2 worms
  A dart slug (D:1)
  103 orcs
  6 ball pythons
  3 bats
  7 endoplasms
  4 giant cockroaches
  9 goblins
  3 hobgoblins
  6 jackals
  A quokka (D:1)
  12 frilled lizards
  10 kobolds
  4 rats (D:1)
1976 creatures vanquished.

Vanquished Creatures (collateral kills)
  4 dread liches
  2 ancient liches
  2 orbs of fire (Zot:5)
  2 Killer Klowns (Zot:5)
  4 curse toes
  A golden dragon (Depths:2)
  Nikola (Swamp:3)
  2 electric golems (Zot:5)
  3 tentacled monstrosities
  5 Orb Guardians (Zot:5)
  6 liches
  Asterion (Vaults:2)
  A deep elf master archer (Elf:3)
  3 sphinxes
  6 titans
  2 death cobs
  3 shadow dragons
  A thorn hunter (Swamp:1)
  8 storm dragons
  A tengu reaver (Depths:1)
  A fenstrider witch (Swamp:3)
  A draconian knight (Zot:5)
  4 fire giants
  An emperor scorpion (Spider:4)
  4 vault wardens
  3 frost giants
  A deep elf elementalist (Elf:3)
  A draconian scorcher (Zot:5)
  A reaper (Crypt:2)
  2 ghost moths
  A draconian shifter (Zot:2)
  6 very ugly things
  A spriggan defender (Depths:2)
  7 ironbound preservers
  4 ironbound thunderhulks
  A formless jellyfish (Vaults:3)
  A green draconian (Zot:2)
  3 stone giants
  A red draconian (Zot:2)
  A purple draconian (Zot:5)
  A yellow draconian (Zot:5)
  4 bunyips
  2 dire elephants (Vaults:2)
  2 spark wasps (Depths:4)
  2 fire dragons
  An ettin (Depths:2)
  2 eidola
  A yaktaur captain (Vaults:5)
  3 jiangshi
  A deep elf high priest (Elf:3)
  2 hydras (Depths:2)
  An ice dragon (Depths:3)
  8 vault guards
  A ghost crab (Swamp:2)
  2 ironbound frosthearts (Vaults:2)
  A radroach (Spider:4)
  A two-headed ogre (Vaults:5)
  6 death scarabs (Spider:4)
  A tengu warrior (Depths:2)
  A deep troll earth mage (Depths:1)
  A hell knight (Depths:4)
  A sun demon (Depths:1)
  3 pharaoh ants
  A shadow wraith (Crypt:3)
  2 skeletal warriors (Crypt:2)
  2 iron trolls
  8 deep trolls
  An anaconda skeleton (Crypt:3)
  An orb spider (Spider:4)
  2 phantasmal warriors
  An arcanist (Vaults:1)
  4 lindwurms
  4 ironbound convokers
  A bog body (Swamp:2)
  4 harpies
  3 steelbarb worms (Spider:4)
  3 necromancers
  3 ugly things
  A manticore (Depths:2)
  5 moths of wrath
  A frost giant zombie (Vaults:3)
  4 vault sentinels
  A fire giant skeleton (Vaults:3)
  A stone giant skeleton (Depths:1)
  A smoke demon (Depths:2)
  A spectral redback (Spider:4)
  2 hellions
  An efreet (D:15)
  A tengu conjurer (Depths:4)
  A sea snake skeleton (Crypt:2)
  3 guardian mummies (Crypt:3)
  2 spectral tarantellas (Spider:4)
  2 spectral culicivoras (Spider:4)
  A spectral jumping spider (Spider:4)
  A tarantella (Spider:4)
  3 tarantella zombies (Spider:4)
  A jumping spider (Spider:4)
  3 slime creatures (Vaults:4)
  A wyvern (Depths:2)
  A wraith (Crypt:3)
  3 water elementals (Depths:2)
  2 spriggans
  A basilisk (Depths:2)
  A redback (Spider:4)
  2 hell hounds (Depths:2)
  An orc warrior (Vaults:5)
  A nameless horror (Swamp:2)
  A small abomination (Lair:5)
  2 frilled lizard skeletons (Crypt:3)
243 creatures vanquished.

Vanquished Creatures (others)
  A Killer Klown (Zot:4)
  A bone dragon (Depths:4)
  2 tentacled monstrosities
  A deep elf master archer (Elf:3)
  A storm dragon (Zot:4)
  A vault warden (Vaults:5)
  A deep elf elementalist (Elf:3)
  A bunyip (Swamp:3)
  A green draconian (Zot:2)
  A purple draconian (Depths:4)
  An entropy weaver (Vaults:1)
  A great orb of eyes (Vaults:4)
  An alligator (Lair:3)
  An ice dragon (Depths:1)
  A centaur warrior (Vaults:3)
  4 dancing weapons
  A demonic crawler (Lair:3)
  A deep elf knight (Elf:1)
  A sun moth (Spider:3)
  A deep troll (Vaults:3)
  An iron troll (Depths:2)
  A swamp dragon (Swamp:4)
  A deep elf archer (Elf:1)
  A bog body (Swamp:3)
  A deep elf zephyrmancer (Elf:1)
  A steelbarb worm (Spider:1)
  A frost giant zombie (Depths:1)
  A cyclops (D:15)
  An ugly thing (Vaults:5)
  A moth of wrath (Zot:2)
  A black mamba (Lair:5)
  A meliai (D:15)
  A bloated husk (Swamp:4)
  2 tyrant leeches (Swamp:3)
  A blink frog (Lair:5)
  A ynoxinul (Lair:5)
  3 water elementals
  A fire elemental (Elf:2)
  3 yaks
  A redback (Spider:1)
  A golden eye (shapeshifter) (Elf:2)
  A chaos spawn (Lair:5)
  A swamp worm (Swamp:4)
  A warg (Vaults:5)
  2 orc warriors
  An ogre (D:14)
  A scorpion (D:6)
  A gnoll (D:9)
  4 orcs
  2 foxfires (Swamp:1)
  4 fulminant prisms (Zot:5)
  50 snaplasher vines
118 creatures vanquished.

Grand Total: 2337 creatures vanquished

Notes
Turn   | Place    | Note
-------+----------+-------------------------------------------
     0 | D:1      | PanSaczeczos the Gnoll Reaver began the quest for the Orb.
     0 | D:1      | Reached XP level 1. HP: 20/20 MP: 6/6
    54 | D:1      | Found Jyaj's Magic Scroll Shop.
   108 | D:1      | Reached XP level 2. HP: 24/26 MP: 7/7
   392 | D:1      | Reached XP level 3. HP: 30/31 MP: 9/9
   413 | D:1      | Reached skill level 5 in Spellcasting
   452 | D:1      | Found a snail-covered altar of Cheibriados.
   538 | D:1      | Bought a scroll of blinking for 90 gold pieces
   776 | D:1      | Bought a scroll of identify for 24 gold pieces
   951 | D:2      | Reached skill level 1 in Invocations
  1154 | D:2      | Reached skill level 1 in Short Blades
  1154 | D:2      | Reached skill level 1 in Long Blades
  1154 | D:2      | Reached skill level 1 in Axes
  1154 | D:2      | Reached skill level 1 in Polearms
  1154 | D:2      | Reached skill level 1 in Staves
  1154 | D:2      | Reached skill level 1 in Ranged Weapons
  1154 | D:2      | Reached skill level 1 in Throwing
  1154 | D:2      | Reached skill level 1 in Armour
  1154 | D:2      | Reached skill level 1 in Stealth
  1154 | D:2      | Reached skill level 1 in Shields
  1154 | D:2      | Reached skill level 1 in Unarmed Combat
  1154 | D:2      | Reached skill level 1 in Evocations
  1170 | D:1      | Reached XP level 4. HP: 35/37 MP: 11/11
  1202 | D:2      | Reached skill level 1 in Shapeshifting
  1745 | D:3      | Identified the +3 whip of Uskayaw, Uplifting {drain, +Blink
                  | Str-5 Int+4}
  1755 | D:3      | Found a radiant altar of Vehumet.
  1781 | D:3      | Reached skill level 1 in Hexes
  1781 | D:3      | Reached skill level 1 in Summonings
  1781 | D:3      | Reached skill level 1 in Necromancy
  1781 | D:3      | Reached skill level 1 in Translocations
  1781 | D:3      | Reached skill level 1 in Transmutations
  1781 | D:3      | Reached skill level 1 in Fire Magic
  1781 | D:3      | Reached skill level 1 in Ice Magic
  1781 | D:3      | Reached skill level 1 in Air Magic
  1781 | D:3      | Reached skill level 1 in Earth Magic
  1781 | D:3      | Reached skill level 1 in Poison Magic
  1845 | D:3      | Found a runed translucent gate.
  1845 | D:3      | Found a runed translucent gate.
  1849 | D:3      | Found a runed translucent gate.
  1849 | D:3      | Noticed a bullfrog
  1849 | D:3      | Noticed Iidacon's ghost (amateur DgSh)
  1873 | D:3      | Found Folagh Nedos's Weapon Emporium.
  2179 | D:3      | Reached XP level 5. HP: 43/43 MP: 12/12
  2453 | D:4      | Found a sacrificial altar of Ru.
  2473 | D:4      | Became a worshipper of Ru the Awakened
  2915 | D:4      | Noticed an ogre
  3213 | D:3      | Reached XP level 6. HP: 47/50 MP: 11/13
  3290 | D:4      | Reached skill level 5 in Fighting
  3290 | D:4      | Reached skill level 2 in Short Blades
  3290 | D:4      | Reached skill level 5 in Dodging
  3494 | D:5      | Entered Level 5 of the Dungeon
  3657 | D:5      | Found an opulent altar of Gozag.
  3787 | D:5      | Found a runed translucent door.
  3788 | D:5      | Noticed Azuregosa's ghost (weakling OpDe)
  4067 | D:5      | Found an ancient bone altar of Kikubaaqudgha.
  4111 | D:5      | Reached XP level 7. HP: 54/56 MP: 13/15
  4168 | D:5      | Gained mutation: You occasionally lose the ability to drink
                  | potions when taking damage. [Ru sacrifice]
  4168 | D:5      | Gained mutation: You sometimes lose the ability to drink
                  | potions when taking damage. [Ru sacrifice]
  4168 | D:5      | Reached * piety under Ru
  4291 | D:5      | Learned a level 2 spell: Momentum Strike
  4529 | D:5      | Found a shimmering blue altar of Sif Muna.
  4842 | D:5      | Found a sparkling altar of Nemelex Xobeh.
  5165 | D:6      | Learned a level 2 spell: Wereblood
  5170 | D:6      | Found a hazy altar of Hepliaklqana.
  5207 | D:6      | Found a staircase to the Ecumenical Temple.
  5885 | D:6      | Reached XP level 8. HP: 58/63 MP: 16/16
  5906 | D:6      | Reached skill level 3 in Short Blades
  6107 | D:7      | Found a burning altar of Makhleb.
  6112 | D:7      | Identified the +2 chain mail of the Harp {rCorr}
  6481 | D:7      | Learned a level 3 spell: Tukima's Dance
  6546 | D:7      | Found a glowing silver altar of Zin.
  7393 | D:7      | Reached XP level 9. HP: 69/69 MP: 18/18
  7407 | D:7      | Reached skill level 4 in Short Blades
  7999 | D:8      | Reached skill level 5 in Invocations
  8039 | D:8      | Gained mutation: You cannot train Dodging skill. [Ru
                  | sacrifice]
  8039 | D:8      | Reached ** piety under Ru
  8469 | D:8      | Found a white marble altar of Elyvilon.
  9053 | D:9      | Noticed a two-headed ogre
  9056 | D:9      | Noticed a two-headed ogre
  9122 | D:9      | Reached XP level 10. HP: 61/77 MP: 20/20
  9175 | D:9      | Learned a level 2 spell: Ensorcelled Hibernation
  9200 | D:9      | Reached skill level 5 in Short Blades
  9200 | D:9      | Reached skill level 5 in Long Blades
  9200 | D:9      | Reached skill level 5 in Axes
  9200 | D:9      | Reached skill level 5 in Polearms
  9200 | D:9      | Reached skill level 5 in Staves
  9200 | D:9      | Reached skill level 5 in Ranged Weapons
  9200 | D:9      | Reached skill level 5 in Throwing
  9200 | D:9      | Reached skill level 5 in Armour
  9200 | D:9      | Reached skill level 5 in Stealth
  9200 | D:9      | Reached skill level 5 in Shields
  9200 | D:9      | Reached skill level 5 in Unarmed Combat
  9200 | D:9      | Reached skill level 5 in Evocations
  9482 | D:9      | Found a hazy altar of Hepliaklqana.
  9484 | D:9      | Found a sacrificial altar of Ru.
  9484 | D:9      | Found a sparkling altar of Nemelex Xobeh.
  9486 | D:9      | Found a sacrificial altar of Ru.
  9486 | D:9      | Found a hide-covered altar of Uskayaw.
  9486 | D:9      | Found a shimmering altar of Xom.
 10139 | D:9      | Killed a two-headed ogre
 10297 | D:9      | Killed a two-headed ogre
 10298 | D:9      | Reached skill level 5 in Shapeshifting
 10389 | D:10     | Entered Level 10 of the Dungeon
 10396 | D:10     | Got Sif Muna's Cyclopedia of the Arctic Singularity
 10618 | D:10     | Noticed a kobold demonologist
 10645 | D:9      | Noticed a rust devil
 10653 | D:10     | Noticed a sun demon
 10656 | D:9      | Killed a kobold demonologist
 10916 | D:10     | Noticed a catoblepas
 10973 | D:10     | Killed a catoblepas
 10974 | D:10     | Reached skill level 6 in Short Blades
 10974 | D:10     | Reached XP level 11. HP: 84/84 MP: 22/22
 11020 | D:10     | Found a hide-covered altar of Uskayaw.
 11047 | D:10     | Reached skill level 5 in Hexes
 11047 | D:10     | Reached skill level 5 in Summonings
 11047 | D:10     | Reached skill level 5 in Necromancy
 11047 | D:10     | Reached skill level 5 in Translocations
 11047 | D:10     | Reached skill level 5 in Transmutations
 11047 | D:10     | Reached skill level 5 in Fire Magic
 11047 | D:10     | Reached skill level 5 in Ice Magic
 11047 | D:10     | Reached skill level 5 in Air Magic
 11047 | D:10     | Reached skill level 5 in Earth Magic
 11047 | D:10     | Reached skill level 5 in Poison Magic
 11101 | D:10     | HP: 17/85 [vampire mosquito (8)]
 11251 | D:10     | Found a snail-covered altar of Cheibriados.
 11367 | D:10     | Found a bloodstained altar of Trog.
 11479 | D:10     | Found a glowing golden altar of the Shining One.
 11691 | D:10     | Found a basalt altar of Yredelemnul.
 11967 | D:10     | Identified 2 scrolls of acquirement {!r}
 11971 | D:10     | Acquired the Unrestrained Analects
 11973 | D:10     | Acquired the +1 ring mail of Lifelessness {rPois Will+
                  | Str+4}
 12005 | D:11     | Found a staircase to the Lair.
 12301 | D:11     | Learned a level 4 spell: Olgreb's Toxic Radiance
 12348 | D:11     | Noticed a cyclops
 12693 | D:11     | Noticed a centaur warrior
 12785 | D:10     | Noticed a soul eater
 12992 | D:11     | Noticed a centaur warrior
 13109 | D:11     | Killed a centaur warrior
 13319 | D:11     | Noticed a manticore
 13334 | D:11     | Killed a manticore
 13518 | D:11     | Noticed a cyclops
 13997 | D:11     | Noticed a cyclops
 14008 | D:11     | Killed a cyclops
 14220 | D:11     | Reached XP level 12. HP: 88/94 MP: 24/24
 14254 | D:11     | Reached skill level 7 in Short Blades
 14747 | D:11     | Killed a centaur warrior
 14906 | D:11     | HP: 20/94 [manticore (18)]
 15497 | D:11     | Learned a level 3 spell: Swiftness
 15575 | D:11     | Learned a level 4 spell: Iskenderun's Mystic Blast
 15576 | Lair:1   | Entered Level 1 of the Lair of Beasts
 15841 | Lair:1   | Noticed Fannar
 15988 | Lair:1   | Reached skill level 10 in Maces & Flails
 16187 | Lair:1   | Noticed Maggie
 16451 | Lair:2   | Noticed DEFE's ghost (journeyman DsWn)
 16458 | Lair:2   | Noticed a seven-headed hydra
 16476 | Lair:2   | Found a transporter.
 16489 | Lair:2   | Found a transporter.
 16547 | D:11     | HP: 21/94 [black mamba (15)]
 16832 | D:11     | HP: 23/94 [komodo dragon (26)]
 16833 | D:11     | HP: 10/94 [komodo dragon (14)]
 17111 | D:11     | Killed Fannar
 17177 | Lair:1   | Killed Maggie
 17297 | Lair:1   | Noticed Joseph
 17325 | Lair:1   | Killed Joseph
 18397 | Lair:2   | Noticed a six-headed hydra
 18410 | Lair:2   | Killed a six-headed hydra
 18880 | Lair:1   | Gained mutation: Your magical capacity is low. (-10% MP)
                  | [Ru sacrifice]
 18880 | Lair:1   | Reached *** piety under Ru
 18888 | Lair:1   | Noticed a boulder beetle
 19439 | Lair:2   | Reached skill level 8 in Short Blades
 19439 | Lair:2   | Reached XP level 13. HP: 101/101 MP: 23/23
 19788 | Lair:2   | HP: 23/101 [eight-headed hydra (7)]
 19788 | Lair:2   | HP: 10/101 [eight-headed hydra (13)]
 19794 | Lair:2   | HP: 22/96 [yak (13)]
 20470 | Lair:3   | Found a hole to the Spider Nest.
 20631 | Lair:3   | HP: 16/101 [elephant (15)]
 22080 | Lair:3   | Reached skill level 10 in Spellcasting
 22139 | Lair:3   | Found a staircase to the Swamp.
 23115 | Lair:3   | Gained mutation: You are frail. (-10% HP) [Ru sacrifice]
 23115 | Lair:3   | Reached **** piety under Ru
 24197 | Lair:3   | Reached skill level 10 in Fighting
 24264 | Lair:4   | HP: 23/92 [five-headed hydra (3)]
 24502 | Lair:3   | Learned a level 5 spell: Summon Forest
 25022 | Lair:4   | Noticed Josephine
 25070 | Lair:4   | Killed Josephine
 25344 | Lair:3   | Reached skill level 9 in Short Blades
 25344 | Lair:3   | Reached XP level 14. HP: 72/98 MP: 12/25
 26223 | Lair:4   | Reached skill level 10 in Invocations
 26842 | Lair:4   | HP: 23/99 [black mamba (10)]
 27356 | Lair:5   | Entered Level 5 of the Lair of Beasts
 29046 | Lair:5   | Found a viscous altar of Jiyva.
 29047 | Lair:5   | Found a staircase to the Slime Pits.
 30575 | Lair:5   | Found a corrupted altar of Lugonu.
 30575 | Lair:5   | Found a one-way gate to the infinite horrors of the Abyss.
 30677 | Lair:5   | Reached skill level 10 in Conjurations
 30683 | Lair:5   | Reached XP level 15. HP: 76/105 MP: 14/27
 30813 | Lair:5   | Identified the +6 dire flail "Pall" {heavy, Dex+4}
 31227 | Lair:5   | Identified the +4 chain mail of Wuepp {rElec rF+ rC+ SInv}
 31675 | D:12     | Found a staircase to the Orcish Mines.
 31682 | D:12     | Identified the ring of Wizxao {Fire Stlth+}
 31711 | D:12     | Reached skill level 10 in Short Blades
 31777 | D:12     | Reached skill level 10 in Long Blades
 31777 | D:12     | Reached skill level 10 in Axes
 31777 | D:12     | Reached skill level 10 in Polearms
 31777 | D:12     | Reached skill level 10 in Staves
 31777 | D:12     | Reached skill level 10 in Ranged Weapons
 31777 | D:12     | Reached skill level 10 in Throwing
 31777 | D:12     | Reached skill level 10 in Armour
 31777 | D:12     | Reached skill level 10 in Stealth
 31777 | D:12     | Reached skill level 10 in Shields
 31777 | D:12     | Reached skill level 10 in Unarmed Combat
 31777 | D:12     | Reached skill level 10 in Evocations
 31993 | D:12     | Learned a level 4 spell: Sticky Flame
 32283 | D:12     | You fall into a shaft and drop 1 floor!
 32421 | D:12     | Got the Almanac of Conjuring and Shifting
 32843 | Orc:1    | Entered Level 1 of the Orcish Mines
 33021 | Orc:2    | Entered Level 2 of the Orcish Mines
 33021 | Orc:2    | Found a staircase to the Elven Halls.
 34743 | Orc:1    | Gained mutation: You are missing an eye, making it more
                  | difficult to aim. [Ru sacrifice]
 34743 | Orc:1    | Reached ***** piety under Ru
 35510 | Orc:1    | Noticed Gikes's ghost (journeyman TrFi)
 35691 | Orc:1    | Found a transporter.
 35711 | Orc:1    | Found a transporter.
 35856 | Orc:1    | Paralysed by an orc sorcerer for 2 turns
 36173 | Orc:1    | Identified the amulet of the Trilobite {+Blink Regen+}
 36295 | Orc:2    | Found Alutom's General Store.
 36303 | Orc:2    | Bought a scroll of identify for 20 gold pieces
 37727 | Orc:2    | Found Cuzyudux's Antique Armour Boutique.
 37730 | Orc:2    | Found Wopses's Weapon Boutique.
 37731 | Orc:2    | Found Litrul's Antique Armour Boutique.
 37732 | Orc:2    | Found Ighuhecw's Antique Weapon Shop.
 37956 | D:13     | Reached skill level 11 in Short Blades
 38982 | D:13     | Noticed a storm dragon
 41001 | D:13     | Reached XP level 16. HP: 70/114 MP: 20/28
 41202 | D:14     | Found a shimmering blue altar of Sif Muna.
 41935 | D:14     | Found a gate to the Vaults.
 42499 | D:15     | Entered Level 15 of the Dungeon
 42502 | D:15     | Identified the +9 arbalest "Erexkosm" {heavy, rCorr}
 42527 | D:14     | Reached skill level 10 in Shapeshifting
 42881 | D:15     | Noticed Louise
 43026 | D:15     | Found a frozen archway.
 43124 | IceCv    | Entered an ice cave
 43926 | D:15     | HP: 19/112 [Louise/stone arrow (33)]
 43936 | D:15     | Killed Louise
 44240 | D:15     | Reached skill level 12 in Short Blades
 44717 | D:15     | HP: 24/113 [vault guard/+2 great mace (16)]
 44965 | D:15     | Found a portal to a secret trove of treasure.
 45856 | D:15     | HP: 27/114 [centaur warrior/arrow (9)]
 46023 | D:15     | HP: 19/109 [something/bolt of magma (37)]
 46582 | D:15     | Found a staircase to the Depths.
 46820 | Spider:1 | Entered Level 1 of the Spider Nest
 47055 | Lair:3   | HP: 28/113 [demonic crawler (5)]
 48167 | Spider:1 | HP: 23/114 [tarantella (12)]
 48178 | Spider:1 | HP: 23/114 [jumping spider (2)]
 48787 | Spider:1 | Learned a level 2 spell: Jinxbite
 50071 | Spider:2 | Noticed Agnes
 50092 | Spider:2 | Killed Agnes
 50251 | Spider:2 | Noticed Frances
 50528 | Spider:2 | Reached XP level 17. HP: 120/120 MP: 10/30
 51540 | Orc:2    | Bought a twisted crystal plate armour for 2295 gold pieces
 51540 | Orc:2    | Identified the +18 crystal plate armour of the Doldrums
                  | {Rampage *Corrode rN+ Str+3} (You bought it in a shop on
                  | level 2 of the Orcish Mines)
 52184 | Spider:3 | Reached skill level 13 in Short Blades
 52253 | Spider:3 | Learned a level 3 spell: Ignite Poison
 54338 | Spider:3 | Reached skill level 10 in Hexes
 54338 | Spider:3 | Reached skill level 10 in Summonings
 54338 | Spider:3 | Reached skill level 10 in Necromancy
 54338 | Spider:3 | Reached skill level 10 in Translocations
 54338 | Spider:3 | Reached skill level 10 in Transmutations
 54338 | Spider:3 | Reached skill level 10 in Fire Magic
 54338 | Spider:3 | Reached skill level 10 in Ice Magic
 54338 | Spider:3 | Reached skill level 10 in Air Magic
 54338 | Spider:3 | Reached skill level 10 in Earth Magic
 54338 | Spider:3 | Reached skill level 10 in Poison Magic
 55848 | Spider:4 | Entered Level 4 of the Spider Nest
 56310 | Swamp:1  | Entered Level 1 of the Swamp
 57135 | Lair:3   | HP: 22/121 [thorn hunter (14)]
 57135 | Lair:3   | HP: 8/121 [thorn hunter (14)]
 57959 | Swamp:1  | Identified the granite talisman of the Many Mice {*Corrode
                  | rC++ Str+3}
 57959 | Swamp:1  | Noticed Roxanne
 59798 | Swamp:2  | Noticed a tentacled monstrosity
 59881 | Swamp:2  | Reached skill level 14 in Short Blades
 60176 | Swamp:2  | HP: 2/122 [bunyip (33)]
 60744 | Swamp:2  | HP: 22/122 [bunyip[a spriggan druid] (19)]
 61983 | Swamp:2  | Killed a tentacled monstrosity
 62063 | Swamp:2  | Reached XP level 18. HP: 56/127 MP: 24/31
 62527 | Swamp:3  | Noticed a tentacled monstrosity
 63728 | Swamp:3  | Killed a tentacled monstrosity
 63923 | Swamp:3  | Identified the ring "Qacoxkiq" {Wiz *Slow rCorr Int+3}
 63932 | Swamp:3  | Noticed Nikola
 64644 | Swamp:3  | Killed Nikola
 64923 | Swamp:4  | Entered Level 4 of the Swamp
 64923 | Swamp:4  | Noticed Mlioglotl
 65027 | Swamp:3  | Killed Mlioglotl
 65957 | Swamp:3  | HP: 14/117 [fenstrider witch/toxic sludge (21)]
 67987 | Swamp:4  | Noticed the 27-headed Lernaean hydra
 68251 | Elf:1    | Entered Level 1 of the Elven Halls
 68331 | Elf:1    | Found a radiant altar of Vehumet.
 68475 | Elf:1    | Learned a level 5 spell: Summon Mana Viper
 68504 | Elf:1    | Reached skill level 15 in Short Blades
 68967 | Elf:1    | Found Amuss's Antique Weapon Emporium.
 69120 | Elf:1    | Paralysed by an air elemental for 1 turns
 69449 | Elf:1    | Found Jeuchef's Magic Scroll Shop.
 69519 | Elf:1    | Paralysed by an air elemental for 1 turns
 70502 | Elf:1    | Reached XP level 19. HP: 135/135 MP: 17/33
 70669 | Elf:1    | Paralysed by an air elemental for 1 turns
 71091 | Elf:1    | Found a runed translucent gate.
 71091 | Elf:1    | Found a runed translucent gate.
 71091 | Elf:1    | Found a runed translucent gate.
 71091 | Elf:1    | Found a runed translucent gate.
 71091 | Elf:1    | Found a runed translucent gate.
 71094 | Elf:1    | Found a runed translucent gate.
 72053 | Elf:2    | Paralysed by an air elemental for 1 turns
 72058 | Elf:2    | Paralysed by an air elemental for 1 turns
 72328 | Elf:2    | Found the +5 Storm Queen's Shield {shock, Fly rElec}
 72899 | Elf:2    | Found a huge runed translucent gate.
 72899 | Elf:2    | Found a huge runed translucent gate.
 72900 | Elf:2    | Found a huge runed translucent gate.
 72900 | Elf:2    | Found a huge runed translucent gate.
 72909 | Elf:2    | Found a huge runed translucent gate.
 73062 | Elf:3    | Entered Level 3 of the Elven Halls
 73125 | Elf:3    | Learned a level 5 spell: Lee's Rapid Deconstruction
 75051 | Elf:3    | Reached skill level 16 in Short Blades
 76051 | Elf:3    | Identified the +6 glaive of the Bruised Dreams {drain,
                  | *Corrode rPois rC+ Will+}
 77521 | Elf:3    | Got the Anthology of the Sphinx and Company
 77726 | Elf:3    | Identified the +0 pair of gloves "Socsoff" {Harm *Slow
                  | rElec Dex+4}
 77729 | Elf:3    | Identified the +4 falchion of Offence {freeze, rCorr}
 77735 | Elf:3    | Identified the +0 scimitar of the Conjuring Gods {venom,
                  | Drain rPois Will+ Int+2}
 77772 | Elf:3    | Identified the +1 chain mail of Hide-and-Seek {Will+
                  | Stlth+}
 77774 | Elf:3    | Identified the +0 chain mail of the Hecatoncheires {Regen+
                  | Dex+2}
 77956 | Elf:1    | Bought a scroll of acquirement for 884 gold pieces
 77956 | Elf:1    | Acquired 487 gold pieces
 78004 | Elf:1    | Bought a glowing demon whip for 486 gold pieces
 78018 | Elf:1    | Learned a level 6 spell: Death Channel
 78241 | Swamp:4  | Got a decaying rune of Zot
 78297 | Swamp:4  | Killed the 27-headed Lernaean hydra
 78781 | Vaults:1 | Entered Level 1 of the Vaults
 78995 | Vaults:1 | Reached skill level 15 in Maces & Flails
 79240 | Vaults:1 | Reached XP level 20. HP: 121/144 MP: 2/34
 80882 | Orc:2    | Bought a tin of tremorstones (2/2) for 400 gold pieces
 81064 | Vaults:2 | Reached skill level 15 in Invocations
 81552 | Vaults:2 | Identified the ring "Udus Vub" {*Slow +Blink rElec rF+
                  | rN++}
 81756 | Vaults:2 | Identified the +5 quarterstaff of the Writhing Gods {heavy,
                  | *Slow Fragile rElec rF++}
 82066 | Vaults:2 | Noticed Asterion
 82117 | Vaults:2 | Killed Asterion
 82118 | Vaults:2 | Reached skill level 17 in Short Blades
 83152 | Vaults:2 | Found a staircase to the Crypt.
 83152 | Vaults:2 | Found an ancient bone altar of Kikubaaqudgha.
 83152 | Vaults:2 | Found a basalt altar of Yredelemnul.
 83582 | Vaults:2 | Reached skill level 15 in Spellcasting
 83612 | Vaults:2 | Got Ighokkuq's Guide on Frost and Permutations
 84582 | Vaults:3 | Reached skill level 15 in Fighting
 84792 | Vaults:3 | Identified the +1 orcbow of Ru's Envy {freeze, rCorr
                  | Stlth+}
 84798 | Vaults:3 | Noticed Frederick
 84946 | Vaults:3 | Reached XP level 21. HP: 109/151 MP: 13/36
 85917 | Vaults:3 | Killed Frederick
 86124 | Vaults:3 | Found Haviarrise's Armour Shop.
 86381 | Vaults:3 | Gained mutation: Potions are less effective at restoring
                  | your health. [Ru sacrifice]
 86636 | Vaults:4 | Found a flickering gateway to a bazaar.
 86676 | Bazaar   | Entered a bazaar
 86676 | Bazaar   | Found Faysat's Antique Armour Emporium.
 86678 | Bazaar   | Found Fine's Magic Scroll Shoppe.
 86703 | Bazaar   | Found Tehecajo's Magic Scroll Shop.
 86707 | Bazaar   | Found Tujeniat's Weapon Shoppe.
 86721 | Bazaar   | Found Ixzoshoz's Armour Shop.
 86745 | Bazaar   | Bought a scroll of acquirement for 624 gold pieces
 86745 | Bazaar   | Acquired 1140 gold pieces
 86747 | Bazaar   | Bought a scroll of blinking for 90 gold pieces
 86747 | Bazaar   | Bought a scroll of fear for 48 gold pieces
 86747 | Bazaar   | Bought a scroll of blinking for 90 gold pieces
 86747 | Bazaar   | Bought a scroll of teleportation for 36 gold pieces
 86764 | Bazaar   | Bought a scroll of blinking for 97 gold pieces
 86764 | Bazaar   | Bought 2 scrolls of blinking for 195 gold pieces
 87294 | Vaults:4 | Noticed an ancient lich
 87320 | Vaults:4 | Reached skill level 18 in Short Blades
 88481 | D:15     | You paid a toll of 19 potions of curing to enter a treasure
                  | trove
 88482 | Trove    | Entered a treasure trove
 88490 | Trove    | Identified the +0 cloak of the Wheelwright {Drain rPois
                  | rF++ rCorr}
 88504 | Trove    | Identified the +0 helmet of the Solstice {Int+3}
 88520 | Trove    | Identified the orb of Vagalauk {*channel, rC- rCorr Int-3
                  | SInv}
 90125 | Vaults:4 | Killed an ancient lich
 90127 | Vaults:4 | Found the +9 sword of Power {lifebolt}
 90575 | Depths:1 | Entered Level 1 of the Depths
 90599 | Depths:1 | Found a one-way gate leading to the halls of Pandemonium.
 90614 | Depths:1 | Found a gateway to Hell.
 91356 | Depths:1 | Reached skill level 15 in Long Blades
 91356 | Depths:1 | Reached skill level 15 in Axes
 91356 | Depths:1 | Reached skill level 15 in Polearms
 91356 | Depths:1 | Reached skill level 15 in Staves
 91356 | Depths:1 | Reached skill level 15 in Ranged Weapons
 91356 | Depths:1 | Reached skill level 15 in Throwing
 91356 | Depths:1 | Reached skill level 15 in Armour
 91356 | Depths:1 | Reached skill level 15 in Stealth
 91356 | Depths:1 | Reached skill level 15 in Shields
 91356 | Depths:1 | Reached skill level 15 in Unarmed Combat
 91356 | Depths:1 | Reached skill level 15 in Evocations
 91494 | Depths:1 | Reached XP level 22. HP: 139/158 MP: 18/37
 91839 | Depths:1 | Found a runed translucent door.
 92058 | Depths:1 | Noticed Rehacw's ghost (adept HOMo)
 92081 | Depths:1 | Noticed a golden dragon
 92395 | Depths:1 | Identified the +2 robe of the Sun {Rampage rF++ rC- Regen+
                  | rCorr}
 92437 | Depths:1 | Killed a golden dragon
 92673 | Depths:2 | Gained mutation: You cannot voluntarily change form. [Ru
                  | sacrifice]
 92673 | Depths:2 | Reached ****** piety under Ru
 92696 | Depths:2 | Found a one-way gateway to a ziggurat.
 93664 | Depths:2 | Reached skill level 19 in Short Blades
 95108 | Depths:2 | Noticed a golden dragon
 95287 | Depths:2 | Noticed a golden dragon
 95314 | Depths:2 | Killed a golden dragon
 95321 | Depths:2 | Killed a golden dragon
 95864 | Depths:3 | Found Utweec's Magic Scroll Shop.
 95873 | Depths:3 | Bought a scroll of teleportation for 51 gold pieces
 96129 | Depths:3 | Found a shimmering blue altar of Sif Muna.
 96131 | Depths:3 | Found a transporter.
 96454 | Depths:3 | Reached XP level 23. HP: 165/165 MP: 39/39
 96878 | Depths:3 | Found a shadowy altar of Dithmenos.
 97129 | Depths:3 | Upgraded the game from 0.31-a0-1042-ga9834b393d to
                  | 0.31-a0-1059-g83d41fd8b6
 97174 | Depths:4 | Entered Level 4 of the Depths
 97996 | Depths:4 | Found a gate to the Realm of Zot.
 98969 | Crypt:1  | Entered Level 1 of the Crypt
 99196 | Vaults:2 | Learned a level 4 spell: Dispel Undead
 99519 | Crypt:1  | Reached skill level 20 in Short Blades
100292 | Crypt:1  | Identified the +7 falchion "Stringbean" {drain, rElec rF-
                  | rCorr Dex+5}
100997 | Crypt:1  | Identified the serpent talisman of the Onion {Str+2 Dex+3}
100997 | Crypt:1  | Noticed Aizul
101010 | Crypt:1  | Killed Aizul
101560 | Crypt:2  | Noticed Vv
101579 | Crypt:2  | Killed Vv
102841 | Crypt:2  | Learned a level 5 spell: Irradiate
102979 | Crypt:3  | Entered Level 3 of the Crypt
103104 | Crypt:2  | Reached XP level 24. HP: 154/172 MP: 25/39
104775 | Crypt:3  | Found a staircase to the Tomb.
104854 | Crypt:3  | Identified the ring of the Uplifting Gods {rPois rN+ Int+2
                  | Slay+3}
104856 | Crypt:3  | Noticed a dread lich
104869 | Crypt:3  | Reached skill level 15 in Conjurations
104890 | Crypt:3  | Killed a dread lich
104993 | Crypt:3  | Got the Papyrus of Evil Allies
104995 | Crypt:3  | Got the Precepts of the Beguiling Cemetery
105412 | Vaults:5 | Entered Level 5 of the Vaults
105428 | Vaults:5 | Reached skill level 21 in Short Blades
105474 | Vaults:5 | HP: 40/166 [deep elf sorcerer/bolt of acid (14)]
106318 | Vaults:5 | Noticed Mennas
106324 | Vaults:5 | Reached XP level 25. HP: 160/181 MP: 17/40
106349 | Vaults:5 | Killed Mennas
106516 | Vaults:5 | Noticed a dread lich
106531 | Vaults:5 | Killed a dread lich
106710 | Vaults:5 | Identified the ring "Ules" {rElec rF++ rN+ MP+9 Slay-3}
106724 | Vaults:5 | Identified the +11 short sword "Cinalamn" {drain, rPois}
107533 | Vaults:5 | Identified the +7 short sword of Doom {speed, rN++ Str+3}
107801 | Vaults:5 | Got a silver rune of Zot
108157 | Vaults:5 | Noticed Jory
108175 | Vaults:5 | Killed Jory
108851 | Vaults:5 | Got the Compilation of the Adder
109888 | Spider:3 | Learned a level 7 spell: Haunt
110816 | D:1      | Bought a scroll of summoning for 114 gold pieces
110816 | D:1      | Bought a scroll of summoning for 114 gold pieces
110816 | D:1      | Bought a scroll of silence for 114 gold pieces
110816 | D:1      | Bought a scroll of enchant weapon for 90 gold pieces
111127 | Elf:1    | Bought a scroll of fear for 68 gold pieces
111127 | Elf:1    | Bought a scroll of fear for 68 gold pieces
111127 | Elf:1    | Bought a scroll of fear for 68 gold pieces
111438 | Depths:3 | Bought a scroll of enchant weapon for 127 gold pieces
111438 | Depths:3 | Bought a scroll of enchant weapon for 127 gold pieces
112294 | Spider:4 | Identified the +1 scale mail of the Boiling Point {rC+
                  | Str+2 Int+2}
112685 | Spider:4 | Reached skill level 22 in Short Blades
113138 | Spider:4 | Got a gossamer rune of Zot
114492 | Zot:1    | Entered Level 1 of the Realm of Zot
115767 | Zot:1    | Reached skill level 15 in Hexes
115767 | Zot:1    | Reached skill level 15 in Summonings
115767 | Zot:1    | Reached skill level 15 in Necromancy
115767 | Zot:1    | Reached skill level 15 in Translocations
115767 | Zot:1    | Reached skill level 15 in Transmutations
115767 | Zot:1    | Reached skill level 15 in Fire Magic
115767 | Zot:1    | Reached skill level 15 in Ice Magic
115767 | Zot:1    | Reached skill level 15 in Air Magic
115767 | Zot:1    | Reached skill level 15 in Earth Magic
115767 | Zot:1    | Reached skill level 15 in Poison Magic
116463 | Zot:2    | Reached XP level 26. HP: 180/186 MP: 31/40
117201 | Zot:2    | Found the +10 morningstar "Eos" {elec, Halo rElec}
118605 | Zot:2    | Found a blossoming altar of Fedhas.
122307 | Zot:4    | Reached skill level 23 in Short Blades
122970 | Zot:5    | Entered Level 5 of the Realm of Zot
122970 | Zot:5    | Noticed a Killer Klown
122983 | Zot:4    | Killed a Killer Klown
123900 | Zot:5    | Identified the +3 leather armour of Bodelom {-Tele +Inv
                  | rN+++ Str-5}
123998 | Zot:5    | Noticed a dread lich
123999 | Zot:5    | Paralysed by a dread lich for 5 turns
124019 | Zot:5    | Killed a dread lich
124105 | Zot:5    | Learned a level 4 spell: Fulminant Prism
124151 | Zot:5    | Noticed a dread lich
124166 | Zot:5    | Killed a dread lich
124186 | Zot:5    | Noticed a dread lich
124204 | Zot:5    | Killed a dread lich
124413 | Depths:3 | Bought a scroll of noise for 17 gold pieces
124549 | Zot:5    | Noticed a Killer Klown
124562 | Zot:5    | Killed a Killer Klown
124646 | Zot:5    | Reached XP level 27. HP: 174/198 MP: 11/41
124773 | Zot:5    | Noticed an ancient lich
124782 | Zot:5    | Killed an ancient lich
124923 | Zot:5    | Noticed an ancient lich
125227 | Zot:5    | Killed an ancient lich
125488 | Zot:5    | Noticed an orb of fire
125512 | Zot:5    | Killed an orb of fire
125654 | Zot:5    | Noticed a dread lich
125661 | Zot:5    | Noticed an orb of fire
125685 | Zot:4    | Killed a dread lich
125862 | Zot:5    | Gained mutation: You occasionally lose the ability to read
                  | scrolls when taking damage. [an orb of fire]
125876 | Zot:5    | Killed an orb of fire
126011 | Zot:5    | Lost mutation: You occasionally lose the ability to read
                  | scrolls when taking damage. [potion of mutation]
126011 | Zot:5    | Gained mutation: You passively dampen the noise of your
                  | surroundings. [potion of mutation]
126011 | Zot:5    | Gained mutation: Your mind is acute. (Int +4, Str/Dex -1)
                  | [potion of mutation]
126011 | Zot:5    | Gained mutation: Your mind is very acute. (Int +8, Str/Dex
                  | -2) [potion of mutation]
126433 | Zot:5    | Noticed a dread lich
126452 | Zot:5    | Paralysed by a dread lich for 3 turns
126460 | Zot:5    | Killed a dread lich
126719 | Zot:5    | Noticed a dread lich
126743 | Zot:5    | Killed a dread lich
127339 | Zot:5    | Noticed a dread lich
127349 | Zot:5    | Killed a dread lich
127379 | Zot:5    | Noticed a dread lich
127501 | Zot:5    | Killed a dread lich
127696 | Zot:5    | Noticed a dread lich
128254 | Zot:5    | Noticed an ancient lich
128274 | Zot:5    | Killed an ancient lich
128784 | Zot:5    | Reached skill level 24 in Short Blades
128933 | Zot:5    | Killed a dread lich
129092 | Zot:5    | Noticed an orb of fire
129117 | Zot:5    | Killed an orb of fire
129448 | Zot:5    | Learned a level 3 spell: Sigil of Binding
129456 | Zot:5    | Learned a level 6 spell: Summon Cactus Giant
129456 | Zot:5    | Got the Orb of Zot
130063 | D:$      | Escaped with the Orb!

Illustrated notes

Levels and vault maps discovered:
D:1:      dpeg_chamrin_arrival_tetris, layout_rooms, serial_shops, shop,
          minmay_hexomino_r4
D:2:      layout_basic, kennysheep_cross_bottleneck, minmay_lizard_king
D:3:      layout_rooms, nicolae_vehumet_altar_sigil, gammafunk_ghost_split,
          serial_shops, nicolae_shop_tiny_statue_garden,
          hangedman_decor_peaks_small, nicolae_twisty_statue_hallways
D:4:      layout_basic, mainiacjoe_overflow_tiny_flanked, minmay_quadrilaterals
D:5:      layout_basic, nicolae_kikubaaqudgha_miasma_corner,
          kennysheep_little_box, nemelex_spade_bored_becter,
          nicolae_gozag_seed_capital, gammafunk_ghost_grave,
          minmay_misc_feat_tower, serial_library_hellmonk_room_c, corexii_shack
D:6:      layout_basic, amcnicky_altar_gilded, minmay_temple_entry_mini_moons,
          nicolae_sextant, minmay_diced_spiral
D:7:      layout_cave_pods, nicolae_overflow_hidden_temple,
          mainiacjoe_overflow_catwalk, minmay_misc_feat_five,
          small_statue_alley_b
D:8:      layout_loops_ring, lemuel_tele_altar
D:9:      layout_basic, doesnt_xom_only_xom, hangedman_decor_growths
D:10:     layout_stronghold, mainiacjoe_overflow_cross_hatched, trog_book,
          lemuel_zombie_altar_yredelemnul, mainiacjoe_overflow_swirl
D:11:     minmay_the_grid_3x2 [minmay_the_grid_minigrid_large,
          minmay_the_grid_outer_circle, minmay_the_grid_square_x,
          minmay_the_grid_paths, minmay_the_grid_spin_star,
          minmay_the_grid_prize_inner_circle], layout_long_grid,
          due_lair_maze_entry_diamond
D:12:     layout_roguey, minmay_orc_entry_temple_small,
          hangedman_decor_slide_cut
D:13:     layout_long_grid, minmay_fractal_squares_gapless_7
D:14:     layout_layer_cave, david_vaults_2, nicolae_sif_muna_condensation
D:15:     hellmonk_depths_entry_around_the_bend, layout_irregular_city,
          enter_trove_5, grunt_decor_clamped, serial_ice, serial_ice_i,
          serial_ice_c, serial_ice_f, serial_ice_b,
          portal_ice_cave_entry_dragon, uniq_louise
Lair:1:   layout_cave_pods, serial_bayou_shore_a, uniq_maggie, uniq_joseph,
          uniq_fannar
Lair:2:   layout_cave_pods, nzn_ghost_randoct, grunt_megastairs_5
Lair:3:   layout_chaotic_city, mainiacjoe_swamp_entry_lozenge_pond,
          hellmonk_spider_entry_not_the_bees, hibernation_bobbens
Lair:4:   kb_forest_paths, layout_regular_city, nicolae_lair_yak_garden,
          uniq_josephine
Lair:5:   hellmonk_lair_end_abyssal_woods, layout_long_grid, slime_entry_1
Swamp:1:  layout_basic_swamp, serial_swamp_ruin, evilmike_swamp_ruin_house_2,
          evilmike_swamp_ruin_rubble_1, swamp_pool_1_2,
          cheibrodos_swamp_pet_leeches, uniq_roxanne
Swamp:2:  layout_basic_swamp, evilmike_swamp_ruin_rubble_2
Swamp:3:  layout_basic_swamp, nicolae_swamp_dense_foliage, uniq_nikola
Swamp:4:  swamp_basic_johnstein, layout_basic_swamp, uniq_mlioglotl
Spider:1: layout_spider_delve
Spider:2: layout_chambers, uniq_frances, uniq_agnes
Spider:3: layout_spider_delve
Spider:4: floodkiller_spider_rune_tomb, hellmonk_deceptive_appearances
Orc:1:    layout_diamond_mine, gammafunk_ghost_berserking_beasts
Orc:2:    st_orc_pillars, layout_caves, serial_shops, shop
Elf:1:    eino_elf_arrival_altar, layout_loops_ring, serial_shops, shop,
          orc_legates, nicolae_take_the_stairs, st_stairs_2, feat_on_display
Elf:2:    elven_hall_of_blades_hangedman_alternative [nicolae_blade_tridents],
          layout_geoelf_grid, grunt_ministairs_15
Elf:3:    minmay_elf_hall, layout_onion_city
Vaults:1: v_alt_pattern_5, v_misc_9, vaults_mumra_hexcomb,
          nicolae_vaults_oval_intersection, vaults_room_door_hall,
          vaults_room_pool, hangedman_vaults_corner_blocks,
          nicolae_vaults_ring_of_whatevers, nicolae_vaults_apartment_1,
          ontoclasm_vaults_ligature, layout_vaults_omnigrid
Vaults:2: nicolae_vaults_six-pack, nicolae_vaults_weapon_check,
          minmay_crypt_entry_necro_gods, ontoclasm_vaults_tryst,
          nicolae_vaults_meeting, vaults_dpeg_cross, v_misc_29,
          nicolae_vaults_cochlea, ontoclasm_vaults_pinch,
          ontoclasm_vaults_ring_square, dpeg_vaults_monster_box, v_misc_26,
          hangedman_vaults_capsules, vaults_dpeg_ring, layout_vaults_omnibox,
          uniq_asterion
Vaults:3: v_misc_3, nicolae_vaults_shelves_hall, nicolae_vaults_big_ls,
          vaults_room_pools, v_rooms_1, nicolae_vaults_network_quincunx
          [nicolae_vaults_network_quincunx_subvault,
          nicolae_vaults_network_quincunx_subvault,
          nicolae_vaults_network_quincunx_subvault,
          nicolae_vaults_network_quincunx_subvault,
          nicolae_vaults_network_quincunx_subvault], vaults_room_large_hall,
          nicolae_vaults_trapezoid_layered, ontoclasm_vaults_hangar,
          ontoclasm_vaults_chip, layout_vaults_maze, serial_shops, shop,
          uniq_frederick
Vaults:4: vaults_room_ringed_pool, v_misc_5, v_misc_24,
          nicolae_vaults_puzzle_piece, v_misc_19,
          nicolae_vaults_door_testing_chamber, nicolae_vaults_sightless_eye,
          minmay_guarded_unrand_sword_of_power,
          nicolae_vaults_storage_closets_2, nicolae_vaults_two_Ls,
          layout_vaults_big_cross, serial_shops, bzr_entry_gold, serial_glass
Vaults:5: serial_shops, uniq_jory, uniq_mennas
Crypt:1:  layout_catacombs, uniq_aizul
Crypt:2:  layout_chaotic_city, grunt_ministairs_8, st_stairs_3,
          grunt_megastairs_2, uniq_vv
Crypt:3:  david_glass_crypt, layout_gridlike, tomb_entry_sphere_bobbens,
          uniq_margery
Depths:1: layout_cave_shapes, ebering_ghost_reflecting_pool,
          minmay_misc_feat_more_columns, rand_demon_pan_entry_5, hell_entry,
          grunt_tough_drop, serial_bayou_shore_b
Depths:2: evilmike_horseshoe, layout_gridlike, enter_ziggurat_c,
          serial_bayou_ford_a, special_room [special_room_mythical_zoo],
          rand_demon_pan_entry_8, hell_entry, minmay_staircase_windowed_small,
          uniq_josephina
Depths:3: gammafunk_sealed_library, layout_long_grid, grunt_hell_horde,
          abyss_entry, grunt_dithmenos_smoke_and_mirrors, minmay_shop_star,
          infiniplex_staircase_split_hallway
Depths:4: grunt_zot_entry_tricorne, layout_cave_pools, hell_entry,
          minmay_misc_feat_tiny
Zot:1:    layout_misc_corridors
Zot:2:    regret_index_malice_mire, layout_twisted_circle,
          regret_index_zotdec_decaying_basic, regret_index_zotdec_zees
Zot:3:    layout_twisted_circle
Zot:4:    minmay_elemental_castle, layout_onion,
          regret_index_zotdec_glowing_original
Zot:5:    layout_onion

Skill      XL: |  1  2  3  4  5  6  7  8  9 10 11 12 13 14 15 16 17 18 19 20 21 22 23 24 25 26 27 |
---------------+----------------------------------------------------------------------------------+-----
Spellcasting   | 5 6 7 8 9 10 11 12 13 14 15 16 17 18 19 | 19.4
Invocations    | 1 2 3 4 5 6 7 8 9 10 11 12 13 14 15 16 17 18 19 20 | 20.3
Short Blades   | 1 2 3 4 6 8 9 11 12 14 15 16 17 18 19 20 21 22 23 24 | 24.1
Long Blades    | 1 2 3 4 6 8 9 10 11 12 13 14 15 16 17 18 | 18.8
Axes           | 1 2 3 4 6 8 9 10 11 12 13 14 15 16 17 18 | 18.8
Polearms       | 1 2 3 4 6 8 9 10 11 12 13 14 15 16 17 18 | 18.8
Staves         | 1 2 3 4 6 8 9 10 11 12 13 14 15 16 17 18 | 18.8
Ranged Weapons | 1 2 3 4 6 8 9 10 11 12 13 14 15 16 17 18 | 18.8
Throwing       | 1 2 3 4 6 8 9 10 11 12 13 14 15 16 17 18 | 18.8
Armour         | 1 2 3 4 6 8 9 10 11 12 13 14 15 16 17 18 | 18.8
Stealth        | 1 2 3 4 6 8 9 10 11 12 13 14 15 16 17 18 | 18.8
Shields        | 1 2 3 4 6 8 9 10 11 12 13 14 15 16 17 18 | 18.8
Unarmed Combat | 1 2 3 4 6 8 9 10 11 12 13 14 15 16 17 18 | 18.8
Evocations     | 1 2 3 4 6 8 9 10 11 12 13 14 15 16 17 18 | 18.8
Shapeshifting  | 1 2 3 4 5 6 7 8 9 10 11 12 13 0 |  0.0
Hexes          | 1 2 3 4 5 6 7 8 9 10 11 12 13 14 15 16 | 16.0
Summonings     | 1 2 3 4 5 6 7 8 9 10 11 12 13 14 15 16 | 16.0
Necromancy     | 1 2 3 4 5 6 7 8 9 10 11 12 13 14 15 16 | 16.0
Translocations | 1 2 3 4 5 6 7 8 9 10 11 12 13 14 15 16 | 16.0
Transmutations | 1 2 3 4 5 6 7 8 9 10 11 12 13 14 15 16 | 16.0
Fire Magic     | 1 2 3 4 5 6 7 8 9 10 11 12 13 14 15 16 | 16.0
Ice Magic      | 1 2 3 4 5 6 7 8 9 10 11 12 13 14 15 16 | 16.0
Air Magic      | 1 2 3 4 5 6 7 8 9 10 11 12 13 14 15 16 | 16.0
Earth Magic    | 1 2 3 4 5 6 7 8 9 10 11 12 13 14 15 16 | 16.0
Poison Magic   | 1 2 3 4 5 6 7 8 9 10 11 12 13 14 15 16 | 16.0
Fighting       | 5 6 7 8 9 10 11 12 13 14 15 16 17 18 19 | 19.3
Dodging        | 5 6 0 |  0.0
Maces & Flails | 7 8 9 10 11 12 13 14 15 16 17 18 19 | 19.7
Conjurations   | 6 7 8 9 10 11 12 13 14 15 16 | 16.9

Action                     |  1- 3 |  4- 6 |  7- 9 | 10-12 | 13-15 | 16-18 | 19-21 | 22-24 | 25-27 || total
---------------------------+-------+-------+-------+-------+-------+-------+-------+-------+-------++-------
  Melee: Mace              |    98 |   113 |       |       |       |       |       |       |       ||   211
         Punch             |     1 |     2 |     4 |       |       |       |       |       |       ||     7
         Bite              |     8 |    15 |    52 |   112 |   129 |   135 |   107 |   194 |   129 ||   881
         War axe           |       |    85 |   266 |   157 |    67 |   761 |       |       |       ||  1336
         Whip              |       |       |   108 |   412 |    39 |   123 |       |       |       ||   682
         Flail             |       |       |    23 |   284 |   843 |   181 |    24 |       |       ||  1355
         Demon trident     |       |       |       |       |       |    29 |       |       |    45 ||    74
         Broad axe         |       |       |       |       |       |       |   123 |       |       ||   123
         Demon whip        |       |       |       |       |       |       |   496 |  1201 |   954 ||  2651
         Eudemon blade     |       |       |       |       |       |       |       |       |    30 ||    30
   Fire: Sling             |       |       |     2 |       |       |       |       |       |       ||     2
  Throw: Dart              |       |     3 |     1 |     4 |     8 |    21 |       |     3 |       ||    40
         Boomerang         |       |       |    26 |    28 |   262 |   157 |    27 |    20 |    50 ||   570
         Throwing net      |       |       |       |     5 |     5 |     1 |     1 |       |       ||    12
   Cast: Kiss of Death     |     1 |     1 |       |       |       |       |       |       |       ||     2
         Wereblood         |       |       |       |    10 |     5 |       |       |       |       ||    15
         Iskenderun's Myst |       |       |       |     5 |   149 |   104 |    18 |    20 |     2 ||   298
         Olgreb's Toxic Ra |       |       |       |     1 |   171 |   348 |   239 |   100 |   115 ||   974
         Ensorcelled Hiber |       |       |       |       |     2 |       |       |       |       ||     2
         Momentum Strike   |       |       |       |       |     1 |     1 |       |       |       ||     2
         Summon Forest     |       |       |       |       |     2 |    28 |    30 |    44 |    79 ||   183
         Sticky Flame      |       |       |       |       |     3 |       |       |       |       ||     3
         Jinxbite          |       |       |       |       |       |    12 |     1 |     4 |       ||    17
         Ignite Poison     |       |       |       |       |       |   104 |   108 |    50 |    61 ||   323
         Tukima's Dance    |       |       |       |       |       |     1 |     4 |     3 |     2 ||    10
         Lee's Rapid Decon |       |       |       |       |       |       |    31 |     3 |       ||    34
         Death Channel     |       |       |       |       |       |       |    31 |    29 |    27 ||    87
         Summon Mana Viper |       |       |       |       |       |       |     8 |    12 |    39 ||    59
         Dispel Undead     |       |       |       |       |       |       |       |    29 |    26 ||    55
         Irradiate         |       |       |       |       |       |       |       |     4 |       ||     4
         Haunt             |       |       |       |       |       |       |       |       |    77 ||    77
         Fulminant Prism   |       |       |       |       |       |       |       |       |     4 ||     4
         Swiftness         |       |       |       |       |       |       |       |       |     1 ||     1
 Invoke: Sacrifice Drink   |       |       |     1 |       |       |       |       |       |       ||     1
         Sacrifice Nimblen |       |       |     1 |       |       |       |       |       |       ||     1
         Reject Sacrifices |       |       |       |     1 |     2 |     2 |       |       |       ||     5
         Sacrifice Essence |       |       |       |     1 |       |       |       |       |       ||     1
         Draw Out Power    |       |       |       |       |     5 |     7 |     1 |       |     2 ||    15
         Power Leap        |       |       |       |       |     3 |     5 |       |       |     1 ||     9
         Sacrifice Health  |       |       |       |       |     1 |       |       |       |       ||     1
         Apocalypse        |       |       |       |       |     1 |     3 |     1 |     3 |     1 ||     9
         Sacrifice an Eye  |       |       |       |       |     1 |       |       |       |       ||     1
         Sacrifice Purity  |       |       |       |       |       |       |     1 |       |       ||     1
         Sacrifice Forms   |       |       |       |       |       |       |       |     1 |       ||     1
Ability: Evoke Blink       |       |       |       |       |       |       |     1 |       |       ||     1
  Evoke: Wand              |       |       |     1 |    12 |    12 |    14 |     5 |     1 |     2 ||    47
         Lightning rod     |       |       |       |       |       |    13 |     6 |       |     1 ||    20
         Tin of tremorston |       |       |       |       |       |       |       |     4 |       ||     4
    Use: Scroll            |     3 |       |     5 |     8 |    14 |    13 |    12 |     9 |    15 ||    79
         Potion            |       |     1 |       |     6 |     3 |    12 |     4 |    11 |     6 ||    43
   Stab: Sleeping          |       |       |     1 |     2 |     4 |     2 |    14 |     4 |     9 ||    36
         Distracted        |       |       |       |     7 |     7 |    11 |    18 |    40 |    40 ||   123
         Held in net/web   |       |       |       |     2 |     2 |     3 |       |       |       ||     7
         Invisible         |       |       |       |     1 |     9 |    21 |     3 |     8 |     3 ||    45
         Paralysed         |       |       |       |       |     7 |     6 |     9 |    14 |     1 ||    37
 Armour: Leather armour    |    12 |       |       |       |       |       |       |       |       ||    12
         Ring mail         |    30 |   169 |   315 |   604 |   486 |   421 |   203 |       |       ||  2228
         Chain mail        |       |       |       |       |   127 |   646 |   158 |   505 |   534 ||  1970
         Swamp dragon scal |       |       |       |       |   290 |       |       |       |       ||   290
         Plate armour      |       |       |       |       |     3 |       |       |       |       ||     3
         Skin              |       |       |       |       |       |       |       |       |     2 ||     2
  Dodge: Dodged            |    47 |   199 |   192 |   278 |   399 |   391 |    95 |   115 |   119 ||  1835
         Repelled          |       |       |       |     1 |     1 |    18 |     2 |       |       ||    22
  Block: Other             |       |     5 |       |       |       |       |       |       |       ||     5
         Buckler           |       |       |    31 |   264 |   589 |   616 |    31 |       |       ||  1531
         Reflection        |       |       |       |     8 |    10 |    31 |    34 |    15 |    11 ||   109
         Kite shield       |       |       |       |       |       |       |   431 |   780 |   641 ||  1852

Table legend: (Time is in decaauts)
 A = Elapsed time spent in this place.
 B = Non-inter-level travel time spent in this place.
 C = Inter-level travel time spent in this place.
 D = Time resting spent in this place.
 E = Time spent auto-exploring this place.
 F = Levels seen in this place.
 G = Mean time per level.
                   A        B        C        D        E       F      G
               +--------+--------+--------+--------+--------+-----+--------+
         Total | 129406 | 115291 |  14115 |  50653 |  33148 |  53 | 2441.6 |
       Dungeon |  28564 |  24322 |   4242 |   7847 |   8559 |  15 | 1904.3 |
          Lair |  18208 |  16675 |   1533 |   8071 |   4593 |   5 | 3641.6 |
         Swamp |  11396 |  10512 |    884 |   6276 |   2178 |   4 | 2849.0 |
   Spider Nest |  11161 |   9672 |   1489 |   4512 |   3078 |   4 | 2790.2 |
  Orcish Mines |   5518 |   4988 |    530 |   2749 |   1254 |   2 | 2759.0 |
   Elven Halls |   9720 |   8858 |    862 |   5158 |   1415 |   3 | 3240.0 |
        Vaults |  14676 |  12540 |   2136 |   4313 |   4534 |   5 | 2935.2 |
         Crypt |   5789 |   5482 |    307 |   1458 |   2238 |   3 | 1929.7 |
        Depths |   8633 |   7309 |   1324 |   2227 |   3110 |   4 | 2158.2 |
           Zot |  14674 |  13868 |    806 |   7469 |   2135 |   5 | 2934.8 |
        Bazaar |    113 |    113 |      0 |      0 |     47 |   1 |  113.0 |
         Trove |    224 |    224 |      0 |      0 |      5 |   1 |  224.0 |
      Ice Cave |    724 |    724 |      0 |    569 |      0 |   1 |  724.0 |
               +--------+--------+--------+--------+--------+-----+--------+

Top non-repeatable levels by time:
   Zot:5: 4964 daAuts
  Lair:3: 4766 daAuts
  Lair:4: 4281 daAuts
 Swamp:3: 3891 daAuts
 Swamp:2: 3846 daAuts
    D:11: 3706 daAuts
Spider:2: 3650 daAuts
   Orc:1: 3627 daAuts
  Lair:2: 3626 daAuts
    D:15: 3590 daAuts
Spider:3: 3585 daAuts
   Elf:3: 3562 daAuts
Vaults:5: 3545 daAuts
Vaults:2: 3543 daAuts
   Zot:4: 3528 daAuts
